 Dungeon Crawl Stone Soup version 0.30.1-3-gfc49f6343a (webtiles) character file.

Game seed: 724645228917435178

357 monsoonserge the Ruffian (level 6, -2/61 HPs)
             Began as a Troll Fighter on Aug 7, 2023.
             Slain by a sky beast (5 damage)
             ... on level 7 of the Dungeon.
             The game lasted 00:07:32 (2167 turns).

monsoonserge the Ruffian (Troll Fighter)            Turns: 2167, Time: 00:07:33

Health: -2/61      AC:  4    Str: 25    XL:     6   Next: 36%
Magic:  5/5        EV:  9    Int:  6    God:
Gold:   157        SH:  8    Dex:  9    Spells: 5/5 levels left

rFire   . .          .
                       - Unarmed
rCold   . . .        b - +0 kite shield
rNeg    . . .        a - +0 robe
rPois   .            (helmet restricted)
rElec   .            (no cloak)
rCorr   .            (gloves unavailable)
SInv    .            (boots unavailable)
Will    .....        (no amulet)
Stlth   +            (no ring)
HPRegen 1.10/turn    (no ring)
MPRegen 0.09/turn

%: no passive effects
@: mighty
A: large, unfitting armour, claws 3, regeneration 1, shaggy fur 1, tough skin 1
a: no special abilities


You were on level 7 of the Dungeon.
You visited 1 branch of the dungeon, and saw 5 of its levels.

You collected 157 gold pieces.

Inventory:

Missiles
 g - 7 poisoned darts (quivered)
Armour
 a - a +0 robe (worn)
 b - a +0 kite shield (worn)
Scrolls
 d - 2 scrolls of enchant weapon {unknown}
 e - 4 scrolls of identify {unknown}
 f - a scroll of poison {unknown}
 h - 2 scrolls of teleportation {unknown}
 n - a scroll of enchant armour {unknown}
 p - 2 scrolls of noise {unknown}
 r - a scroll of fear {unknown}
Potions
 c - 2 potions of might
 i - 2 potions of flight {unknown}
 j - a potion of degeneration {unknown}
 k - 2 potions of heal wounds {unknown}
 l - a potion of invisibility {unknown}
 m - 3 potions of curing {unknown}
 o - a potion of brilliance {unknown}
 q - 2 potions of cancellation {unknown}


   Skills:
 + Level 3.6 Fighting
 - Level 2.4 Dodging
 + Level 4.0 Shields
 * Level 5.0 Unarmed Combat


You had 5 spell levels left.
You didn't know any spells.
Your spell library contained the following spells:

 Spells                   Type           Power      Damage    Failure   Level
 Apportation              Tloc           0%         N/A       71%         1
 Blink                    Tloc           0%         N/A       83%         2
 Lesser Beckoning         Tloc           0%         N/A       83%         2
 Momentum Strike          Conj/Tloc      0%         3d8       83%         2
 Gell's Gravitas          Tloc           0%         N/A       97%         3
 Stone Arrow              Conj/Erth      0%         3d7       97%         3
 Teleport Other           Tloc           0%         N/A       97%         3
 Animate Armour           Summ/Erth      0%         N/A       100%        4
 Alistair's Intoxication  Tmut/Pois      0%         N/A       100%        5
 Lehudib's Crystal Spear  Conj/Erth      0%         10d2      100%        8


Dungeon Overview and Level Annotations

Branches:
Dungeon (4/15)
 Temple: D:4-7

Altars:
Gozag
Hepliaklqana


Innate Abilities, Weirdness & Mutations

You are too large for most types of armour.
You have claws for hands.
Your natural rate of healing is unusually fast.
You are covered in fur. (AC +1)
You have tough skin. (AC +1)


Message History

The jelly is almost dead.
An orc warrior comes into view. It is wielding a +0 dire flail.
The jelly hits you.
You are splashed with acid!
You claw the jelly!
You kill the jelly!
An orc comes into view. It is wielding a +0 short sword.
Your Unarmed Combat skill increases to level 5!
You barely miss the orc.
The orc shouts!
You completely miss the orc. The orc barely misses you.
The sky beast barely misses you.
You completely miss the orc. You block the orc's attack.
You block the sky beast's attack.
You barely miss the orc. The orc barely misses you. The sky beast hits you.
The sky beast shocks you.
You barely miss the orc. The orc completely misses you.
The sky beast barely misses you.
You closely miss the orc. The orc hits you with a +0 flail!
The sky beast hits you. The sky beast shocks you.
* * * LOW HITPOINT WARNING * * *
You scratch the orc.
The orc is severely wounded.
The orc completely misses you.
The sky beast flickers out of sight!
Deactivating autopickup; reactivate with Ctrl-A.
You block something's attack.
The orc throws a boomerang.
The boomerang hits you.
* * * LOW HITPOINT WARNING * * *
You barely miss the orc.
The orc is severely wounded.
You block the orc's attack. Something hits you.
* * * LOW HITPOINT WARNING * * *
Something shocks you.
* * * LOW HITPOINT WARNING * * *
You scratch the orc.
You kill the orc!
You are no longer corroded.
The orc throws a boomerang.
Something hits you.
* * * LOW HITPOINT WARNING * * *
Something shocks you.
You die...

. #. ..#
..#.. #####
....oo#...#
....o5{@..#
.....o#)..#
..#.. #####
..# .. .


You could see an orc warrior, a shadow imp and 3 orcs.

Vanquished Creatures
  A howler monkey (D:7)
  2 jellies (D:7)
  2 hounds (D:7)
  Natasha (twice) (D:3)
  Robin (D:2)
  3 gnolls (D:3)
  A worm (D:3)
  2 dart slugs
  An orc (D:7)
  9 endoplasms
  4 giant cockroaches
  15 goblins
  14 hobgoblins
  4 jackals (D:3)
  3 quokkas
  5 ball pythons
  9 bats
  4 frilled lizards
  8 kobolds
  12 rats
102 creatures vanquished.

Notes
Turn   | Place    | Note
-------+----------+-------------------------------------------
     0 | D:1      | monsoonserge the Troll Fighter began the quest for the Orb.
     0 | D:1      | Reached XP level 1. HP: 22/22 MP: 0/0
   132 | D:1      | Reached XP level 2. HP: 29/29 MP: 1/1
   274 | D:1      | Reached XP level 3. HP: 36/36 MP: 2/2
   352 | D:1      | Reached skill level 3 in Unarmed Combat
   779 | D:2      | Found a hazy altar of Hepliaklqana.
   791 | D:2      | Noticed Robin
   810 | D:2      | Killed Robin
   812 | D:2      | Reached XP level 4. HP: 31/44 MP: 3/3
   884 | D:2      | Found a faded altar of an unknown god.
  1402 | D:3      | Noticed Natasha
  1402 | D:3      | Found an opulent altar of Gozag.
  1405 | D:3      | Killed Natasha
  1467 | D:3      | Reached XP level 5. HP: 42/53 MP: 4/4
  1471 | D:3      | Reached skill level 4 in Unarmed Combat
  1878 | D:3      | Noticed Natasha
  1880 | D:3      | Killed Natasha
  2134 | D:4      | You fall into a shaft and drop 3 floors!
  2144 | D:7      | Noticed a sky beast
  2153 | D:7      | Reached XP level 6. HP: 55/61 MP: 5/5
  2157 | D:7      | Noticed an orc warrior
  2159 | D:7      | Reached skill level 5 in Unarmed Combat
  2166 | D:7      | HP: 3/61 [something (6)]
  2167 | D:7      | Slain by a sky beast

Illustrated notes

Levels and vault maps discovered:
D:1:      elethiomel_arrival_diamonds, layout_basic
D:2:      layout_loops_ring, hellmonk_ecumenical_altar_zigzags, basic_altar,
          uniq_robin
D:3:      layout_loops_ring, overflow_temple_1_default, chequers_arboretum,
          uniq_natasha
D:4:      layout_cave_pods, chequers_temple_overflow_statue_of_worship
D:7:      layout_basic, nicolae_overflow_hidden_temple,
          grunt_decor_mini_mirrors, grunt_ministairs_14,
          minmay_fractal_squares_diagonal_5

Skill      XL: |  1  2  3  4  5  6 |
---------------+-------------------+-----
Shields        | 3 4 |  4.0
Unarmed Combat | 3 4 5 |  5.0
Fighting       | 3 |  3.6
Dodging        | |  2.4

Action                     |  1- 3 |  4- 6 || total
---------------------------+-------+-------++-------
  Melee: Unarmed           |   127 |   125 ||   252
    Use: Potion            |       |     1 ||     1
   Stab: Sleeping          |       |     3 ||     3
 Armour: Robe              |    58 |    35 ||    93
  Dodge: Dodged            |    36 |    37 ||    73
  Block: Kite shield       |    52 |    38 ||    90
